[ AOE2 MATCH · #507169765 ]
UnrankedPortuguese vs Vietnamese
Player's team · WIN
Rival team · LOSS
[ REPLAY ANALYSIS · EXTRACTED FROM THE RECORDED GAME ]
Feudal
14:14
Castle
—
Imperial
—
| APM avg | 49.1 |
| APM peak | 85 |
| eAPM avg | 20.8 |
| Villagers / military | 44 / 16 |
Focus
⚔️ 33.7% · 🌾 66.3%
Skirmisher ×11 · Militia ×3 · Spearman ×2
Feudal
10:14
Castle
—
Imperial
—
| APM avg | 58.6 |
| APM peak | 97 |
| eAPM avg | 17.6 |
| Villagers / military | 28 / 10 |
Focus
⚔️ 23.5% · 🌾 76.5%
Archer ×10
Match map
Initial resources + every placement click. Lines = walls · curves = elevation contours. ◆ gold · ⬟ stone · ● berries · ✦ relic · ◌ wall gap
Your base· Open — unwalled flank
0LeMat's base· Open — unwalled flank
Smoothed initial terrain · ◌ = detected wall gap · hover for details
Inputs per minute
— CORP_hector_sin_elo - - 0LeMat
Build order — CORP_hector_sin_elo
145 actions detected in the replay
| 0:01 | Queue | Villager (Male) |
| 0:01 | Queue | Villager (Male) |
| 0:01 | Queue | Villager (Male) |
| 0:03 | Build | House |
| 0:04 | Build | House |
| 0:34 | Queue | Villager (Male) |
| 1:39 | Queue | Villager (Male) |
| 1:39 | Queue | Villager (Male) |
| 2:07 | Queue | Villager (Male) |
| 2:08 | Queue | Villager (Male) |
| 2:26 | Queue | Villager (Male) |
| 2:26 | Queue | Villager (Male) |
| 2:46 | Queue | Villager (Male) |
| 2:46 | Queue | Villager (Male) |
| 3:10 | Queue | Villager (Male) |
| 3:26 | Build | Barracks |
| 3:33 | Queue | Villager (Male) |
| 3:34 | Queue | Villager (Male) |
| 3:37 | Build | House |
| 4:07 | Queue | Villager (Male) |
| 4:25 | Queue | Militia |
| 4:29 | Build | House |
| 4:38 | Queue | Villager (Male) |
| 5:06 | Build | House |
| 5:08 | Queue | Villager (Male) |
| 5:08 | Queue | Villager (Male) |
| 5:26 | Queue | Militia |
| 5:47 | Queue | Villager (Male) |
| 5:48 | Queue | Villager (Male) |
| 5:58 | Queue | Militia |
| 6:15 | Build | Lumber Camp |
| 6:19 | Queue | Villager (Male) |
| 6:26 | Build | House |
| 6:31 | Queue | Villager (Male) |
| 7:19 | Queue | Villager (Male) |
| 7:19 | Queue | Villager (Male) |
| 7:34 | Research | Loom |
| 7:46 | Build | Mill |
| 7:54 | Build | Palisade Wall |
| 7:54 | Build | Palisade Wall |
| 7:55 | Build | Palisade Wall |
| 7:56 | Build | Palisade Wall |
| 8:05 | Queue | Villager (Male) |
| 8:36 | Queue | Villager (Male) |
| 8:36 | Queue | Villager (Male) |
| 8:46 | Queue | Villager (Male) |
| 9:08 | Build | Palisade Wall |
| 9:16 | Queue | Villager (Male) |
| 9:17 | Build | Farm |
| 9:23 | Build | Farm |
| 9:39 | Build | Farm |
| 9:52 | Build | House |
| 9:56 | Queue | Villager (Male) |
| 9:58 | Build | Farm |
| 10:00 | Build | Farm |
| 10:03 | Queue | Villager (Male) |
| 10:23 | Build | Palisade Wall |
| 10:23 | Build | Palisade Wall |
| 10:32 | Build | Farm |
| 10:36 | Build | Palisade Wall |
| 10:38 | Build | Palisade Wall |
| 10:42 | Build | Palisade Wall |
| 10:45 | Build | Palisade Wall |
| 10:47 | Build | Palisade Wall |
| 10:49 | Build | Palisade Wall |
| 10:50 | Build | Palisade Wall |
| 11:09 | Build | Palisade Wall |
| 11:16 | Build | Palisade Wall |
| 11:36 | Build | Palisade Wall |
| 11:37 | Build | Palisade Wall |
| 11:38 | Build | Palisade Wall |
| 11:42 | Queue | Villager (Male) |
| 11:45 | Research | Feudal Age |
| 11:54 | Build | Farm |
| 11:58 | Build | Palisade Wall |
| 12:00 | Build | Palisade Wall |
| 12:00 | Build | Palisade Wall |
| 12:04 | Research | Feudal Age |
| 12:05 | Research | Feudal Age |
| 12:09 | Build | Palisade Wall |
| 12:12 | Build | Palisade Wall |
| 12:42 | Build | Mining Camp |
| 12:58 | Build | Palisade Gate |
| 13:00 | Build | Palisade Wall |
| 13:11 | Build | Palisade Wall |
| 13:27 | Build | Mining Camp |
| 14:14 | Age | Feudal Age |
| 14:17 | Build | Watch Tower |
| 14:26 | Build | House |
| 14:35 | Queue | Villager (Male) |
| 14:40 | Build | Archery Range |
| 15:10 | Queue | Villager (Male) |
| 15:21 | Queue | Villager (Male) |
| 15:39 | Queue | Villager (Male) |
| 15:41 | Queue | Villager (Male) |
| 15:48 | Queue | Skirmisher |
| 16:25 | Build | Lumber Camp |
| 16:38 | Queue | Villager (Male) |
| 16:40 | Queue | Skirmisher |
| 16:45 | Queue | Villager (Male) |
| 16:51 | Queue | Skirmisher |
| 16:57 | Queue | Villager (Male) |
| 17:14 | Queue | Skirmisher |
| 17:24 | Build | Blacksmith |
| 17:28 | Queue | Skirmisher |
| 17:42 | Queue | Villager (Male) |
| 18:02 | Queue | Skirmisher |
| 18:09 | Queue | Skirmisher |
| 18:20 | Build | Farm |
| 18:21 | Build | Farm |
| 18:27 | Build | Watch Tower |
| 18:29 | Build | House |
| 18:35 | Queue | Skirmisher |
| 18:39 | Research | Padded Archer Armor |
| 18:47 | Build | Farm |
| 18:51 | Queue | Villager (Male) |
| 19:07 | Build | Farm |
| 19:09 | Build | Farm |
| 19:11 | Build | Farm |
| 19:11 | Build | Farm |
| 19:17 | Research | Wheelbarrow |
| 19:31 | Build | House |
| 19:32 | Build | House |
| 19:33 | Build | House |
| 19:36 | Build | Palisade Wall |
| 19:37 | Build | Palisade Wall |
| 19:38 | Build | Palisade Wall |
| 19:43 | Queue | Villager (Male) |
| 19:45 | Build | Farm |
| 20:58 | Research | Castle Age |
| 21:06 | Build | House |
| 21:16 | Build | House |
| 21:19 | Build | House |
| 21:32 | Research | Double-Bit Axe |
| 22:02 | Research | Fletching |
| 22:02 | Research | Fletching |
| 22:20 | Queue | Spearman |
| 22:22 | Queue | Skirmisher |
| 22:36 | Build | Stable |
| 23:02 | Queue | Skirmisher |
| 23:03 | Queue | Spearman |
| 23:08 | Build | Watch Tower |
| 23:13 | Build | House |
| 23:21 | Build | House |
| 23:37 | Queue | Skirmisher |
Build order — 0LeMat
81 actions detected in the replay
| 0:01 | Queue | Villager (Male) |
| 0:01 | Queue | Villager (Male) |
| 0:02 | Build | House |
| 0:04 | Build | House |
| 0:13 | Queue | Villager (Male) |
| 0:13 | Queue | Villager (Male) |
| 1:40 | Queue | Villager (Male) |
| 2:08 | Queue | Villager (Male) |
| 2:36 | Queue | Villager (Male) |
| 2:59 | Queue | Villager (Male) |
| 3:16 | Queue | Villager (Male) |
| 3:54 | Queue | Villager (Male) |
| 3:54 | Queue | Villager (Male) |
| 4:07 | Build | Lumber Camp |
| 4:23 | Queue | Villager (Male) |
| 4:37 | Build | House |
| 4:42 | Research | Loom |
| 4:52 | Queue | Villager (Male) |
| 5:35 | Queue | Villager (Male) |
| 6:05 | Build | House |
| 6:08 | Queue | Villager (Male) |
| 6:31 | Build | Palisade Gate |
| 6:36 | Build | Palisade Gate |
| 6:43 | Queue | Villager (Male) |
| 6:58 | Build | House |
| 7:10 | Queue | Villager (Male) |
| 7:23 | Queue | Villager (Male) |
| 7:25 | Build | Barracks |
| 7:39 | Build | Palisade Wall |
| 7:40 | Build | Palisade Wall |
| 7:42 | Build | Palisade Wall |
| 7:45 | Build | Palisade Wall |
| 7:47 | Build | Palisade Wall |
| 8:04 | Research | Feudal Age |
| 8:35 | Build | Mining Camp |
| 8:52 | Build | Lumber Camp |
| 9:16 | Build | Palisade Wall |
| 9:18 | Build | Palisade Wall |
| 10:14 | Age | Feudal Age |
| 10:15 | Build | Archery Range |
| 10:19 | Queue | Villager (Male) |
| 10:39 | Queue | Villager (Male) |
| 10:43 | Build | Archery Range |
| 10:52 | Queue | Villager (Male) |
| 11:10 | Queue | Archer |
| 11:26 | Queue | Archer |
| 11:48 | Queue | Villager (Male) |
| 12:16 | Queue | Villager (Male) |
| 12:17 | Queue | Archer |
| 12:18 | Queue | Archer |
| 12:20 | Build | House |
| 12:39 | Build | Watch Tower |
| 12:48 | Queue | Villager (Male) |
| 14:23 | Build | Blacksmith |
| 14:30 | Queue | Villager (Male) |
| 15:23 | Build | Mining Camp |
| 15:45 | Queue | Archer |
| 15:46 | Queue | Archer |
| 16:00 | Build | House |
| 16:54 | Build | Mill |
| 16:57 | Queue | Archer |
| 16:57 | Queue | Archer |
| 16:58 | Queue | Villager (Male) |
| 17:48 | Build | Market |
| 18:25 | Build | Watch Tower |
| 18:30 | Build | Palisade Wall |
| 18:32 | Build | Palisade Wall |
| 18:52 | Build | Farm |
| 18:53 | Build | Farm |
| 18:53 | Build | Farm |
| 18:53 | Build | Farm |
| 19:05 | Queue | Villager (Male) |
| 19:49 | Queue | Villager (Male) |
| 20:01 | Build | House |
| 20:32 | Build | Mining Camp |
| 20:39 | Queue | Archer |
| 20:39 | Queue | Archer |
| 21:55 | Research | Castle Age |
| 21:55 | Research | Castle Age |
| 22:23 | Build | House |
| 23:11 | Build | Watch Tower |
Match timeline
| 3:26 | CORP_hector_sin_elo · first_building Barracks |
| 7:25 | 0LeMat · first_building Barracks |
| 7:39 | 0LeMat · wall_segment Palisade Wall x1 |
| 7:40 | 0LeMat · wall_segment Palisade Wall x1 |
| 7:42 | 0LeMat · wall_segment Palisade Wall x1 |
| 7:45 | 0LeMat · wall_segment Palisade Wall x1 |
| 7:47 | 0LeMat · wall_segment Palisade Wall x1 |
| 7:54 | CORP_hector_sin_elo · wall_segment Palisade Wall x1 |
| 7:54 | CORP_hector_sin_elo · wall_segment Palisade Wall x1 |
| 7:55 | CORP_hector_sin_elo · wall_segment Palisade Wall x4 |
| 7:56 | CORP_hector_sin_elo · wall_segment Palisade Wall x4 |
| 9:08 | CORP_hector_sin_elo · wall_segment Palisade Wall x2 |
| 9:16 | 0LeMat · wall_segment Palisade Wall x1 |
| 9:18 | 0LeMat · wall_segment Palisade Wall x1 |
| 10:14 | 0LeMat · age_up feudal |
| 10:15 | 0LeMat · first_building Archery Range |
| 10:23 | CORP_hector_sin_elo · wall_segment Palisade Wall x1 |
| 10:23 | CORP_hector_sin_elo · wall_segment Palisade Wall x1 |
| 10:36 | CORP_hector_sin_elo · wall_segment Palisade Wall x1 |
| 10:38 | CORP_hector_sin_elo · wall_segment Palisade Wall x8 |
| 10:42 | CORP_hector_sin_elo · wall_segment Palisade Wall x4 |
| 10:45 | CORP_hector_sin_elo · wall_segment Palisade Wall x1 |
| 10:47 | CORP_hector_sin_elo · wall_segment Palisade Wall x3 |
| 10:49 | CORP_hector_sin_elo · wall_segment Palisade Wall x6 |
| 10:50 | CORP_hector_sin_elo · wall_segment Palisade Wall x4 |
| 11:09 | CORP_hector_sin_elo · wall_segment Palisade Wall x1 |
| 11:16 | CORP_hector_sin_elo · wall_segment Palisade Wall x1 |
| 11:36 | CORP_hector_sin_elo · wall_segment Palisade Wall x1 |
| 11:37 | CORP_hector_sin_elo · wall_segment Palisade Wall x1 |
| 11:38 | CORP_hector_sin_elo · wall_segment Palisade Wall x2 |
| 11:58 | CORP_hector_sin_elo · wall_segment Palisade Wall x4 |
| 12:00 | CORP_hector_sin_elo · wall_segment Palisade Wall x1 |
| 12:00 | CORP_hector_sin_elo · wall_segment Palisade Wall x1 |
| 12:09 | CORP_hector_sin_elo · wall_segment Palisade Wall x1 |
| 12:12 | CORP_hector_sin_elo · wall_segment Palisade Wall x1 |
| 13:00 | CORP_hector_sin_elo · wall_segment Palisade Wall x1 |
| 13:11 | CORP_hector_sin_elo · wall_segment Palisade Wall x1 |
| 14:14 | CORP_hector_sin_elo · age_up feudal |
| 14:40 | CORP_hector_sin_elo · first_building Archery Range |
| 18:30 | 0LeMat · wall_segment Palisade Wall x1 |
| 18:32 | 0LeMat · wall_segment Palisade Wall x1 |
| 18:58 | 0LeMat · first_market_buy 100 food |
| 19:36 | CORP_hector_sin_elo · wall_segment Palisade Wall x1 |
| 19:37 | CORP_hector_sin_elo · wall_segment Palisade Wall x9 |
| 19:38 | CORP_hector_sin_elo · wall_segment Palisade Wall x1 |
| 21:10 | 0LeMat · first_market_sell 100 wood |
| 22:36 | CORP_hector_sin_elo · first_building Stable |
| 23:37 | 0LeMat · resign |
[ AI ANALYSIS · 1 CREDIT ]
What really happened in this match?
Wolo.gg analyzes every decision: build order, eco, micro, common mistakes by bracket. Personalized analysis on WhatsApp or Discord in 30 seconds.
Civ guide
Portuguese
Perfil
Jugador #459775